AoeStats
← alcalyx93

Arena

509786600Analyzed
1v1 RM · 5d ago on Sep 28, 2026· 29m 56s· 2 players
Game mode
Random Map
Map size
Tiny (2 player)
Population
200
Speed
Normal
Resources
Standard
Victory
Conquest
Starting age
Dark Age
Ending age
Imperial Age
RankedLock teamsTeams togetherTeam positionsShared explorationLock speedFull tech treeHidden civsTurbo modeCheats
Victory
Defeat
🇨🇴 Franks · Colombia
945
+15
🇦🇷 Vikings · Argentina
928
-15
alcalyx93
12:21 Feudal Age
16:00 Castle Age
14:19 Double-Bit Axe
14:17 Horse Collar
23:10 Scale Mail Armor
28:43 Imperial Age
27:21 Chain Mail Armor
28:51 Chieftains
28:22 Pikeman
30:02 Plate Mail Armor
cristianarturo201822
7:18 Loom
10:14 Feudal Age
15:01 Castle Age
13:02 Double-Bit Axe
22:07 Scale Barding Armor
23:01 Bow Saw
23:46 Chain Barding Armor
23:31 Fletching
24:56 Forging
29:18 Iron Casting
Connection lost

Rejoining the realm…

Still unreachable

The connection could not be restored.

Session expired

The server has moved on; the page needs a fresh start.